 Dungeon Crawl Stone Soup version 0.29.1-4-g47bece8355 (webtiles) character file.

Game seed: 3098493931435841281

50 kingsuperguy the Chopper (level 3, -3/33 HPs)
             Began as a Hill Orc Monk on Dec 2, 2022.
             Was a Believer of Beogh.
             Killed by divine providence
             ... invoked by an orc priest
              (13 damage)
             ... on level 3 of the Dungeon.
             The game lasted 00:02:08 (2384 turns).

kingsuperguy the Chopper (Hill Orc Monk)            Turns: 2384, Time: 00:02:09

Health: -3/33      AC:  8    Str: 15    XL:     3   Next: 79%
Magic:  3/3        EV:  7    Int: 10    God:    Beogh [**....]
Gold:   51         SH:  0    Dex: 13    Spells: 2/2 levels left

rFire   . . .      SeeInvis .   a - +0 hand axe
rCold   . . .      Faith    .   (no shield)
rNeg    . . .      Spirit   .   o - +0 chain mail
rPois   .          Reflect  .   (no helmet)
rElec   .          Harm     .   (no cloak)
rCorr   .          Rampage  .   (no gloves)
Will    .....                   (no boots)
Stlth   ..........              (no amulet)
HPRegen 0.11/turn               (no ring)
MPRegen 0.08/turn               (no ring)

@: no status effects
A: no striking features
a: Renounce Religion, Smiting


You were on level 3 of the Dungeon.
You worshipped Beogh.
Beogh was pleased with you.
You visited 1 branch of the dungeon, and saw 3 of its levels.

You collected 51 gold pieces.

Inventory:

Hand Weapons
 a - a +0 hand axe (weapon)
Missiles
 g - 6 atropa-tipped darts (quivered)
Armour
 b - a +0 robe
 o - a +0 chain mail (worn)
Jewellery
 m - a ring of poison resistance
Scrolls
 d - 2 scrolls of vulnerability {unknown}
 e - a scroll of enchant armour {unknown}
 f - 3 scrolls of identify {unknown}
 h - a scroll of summoning {unknown}
 i - a scroll of poison {unknown}
 j - a scroll of magic mapping {unknown}
 n - a scroll of noise {unknown}
 q - a scroll of fear {unknown}
Potions
 c - a potion of ambrosia
 k - a potion of curing {unknown}
 l - a potion of heal wounds {unknown}
 p - a potion of degeneration {unknown}
 r - a potion of resistance {unknown}


   Skills:
 + Level 4.1 Fighting
 + Level 5.1 Axes
 * Level 1.0 Armour
 + Level 2.7 Dodging
 - Level 1.6 Stealth


You had 2 spell levels left.
You didn't know any spells.
Your spell library contained the following spells:

 Spells                   Type           Power      Damage    Failure   Level
 Blink                    Tloc           0%         N/A       100%        2
 Sublimation of Blood     Necr           0%         N/A       100%        2
 Wereblood                Tmut           0%         N/A       100%        2
 Manifold Assault         Tloc           0%         N/A       100%        5
 Storm Form               Tmut/Air       0%         N/A       100%        7
 Summon Hydra             Summ           0%         N/A       100%        7


Dungeon Overview and Level Annotations

Branches:
Dungeon (3/15)

Altars:

Annotations:
D:3 1 transporter, PorkyPig's ghost, amateur DrCj


Message History

The orc barely misses the orc priest.
The orc hits the orc priest with a +0 dagger.
The orc priest hits the orc with a +0 dagger.
The orc priest barely misses the orc.
The orc completely misses the orc priest.
The orc hits you with a +0 club.
The orc barely misses the orc priest.
The orc priest barely misses the orc. x2
You barely miss the orc.
The orc hits the orc priest but does no damage.
The orc closely misses you.
The orc hits the orc priest with a +0 dagger.
The orc hits you but does no damage.
The orc priest closely misses the orc.
The orc priest hits the orc with a +0 dagger.
You slash the orc!
You kill the orc!
Beogh accepts your kill.
The orc hits the orc priest but does no damage.
The orc hits you from afar with a +0 trident.
The orc priest barely misses the orc.
The orc hits the orc priest with a +0 dagger.
The orc priest invokes the aid of Beogh against you.
The orc writhes in agony.
The orc dies!
Found 22 gold pieces.
The orc priest hits the orc with a +0 dagger.
The orc dies!
The orc hits you with a +0 trident.
You barely miss the orc. The orc hits you with a +0 trident.
You hit the orc but do no damage. The orc hits you but does no damage.
You hit the orc but do no damage. The orc hits you with a +0 trident.
You barely miss the orc priest. You hit the orc but do no damage.
The orc priest hits you but does no damage.
The orc barely misses you.
You barely miss the orc priest. You hit the orc.
The orc priest hits you with a +0 dagger.
The orc hits you with a +0 trident.
The orc priest invokes the aid of Beogh against you.
Beogh smites you!
You die...
Beogh appreciates the orc priest's killing of a heretic priest.

#.......# #.#.#
#.......####.#.####
##.................
###########.#.####
..##.....#....#
########.##.###.###..#
##.)...)..##.#........#
#..8..o8..##.#.#.###.##
$...o.o.@..#.#.#.# #.#
⌠............#.#.# #.#
$..........#.#.#.# #.#
#..8...8..##.#...# #.#
##........##.##### #.#
########.##.# .# ..##.#
...... ..#


You could see an orc priest, an orc and a neutral orc priest (wandering).

Vanquished Creatures
  A worm (D:2)
  4 dart slugs
  An orc (D:3)
  2 ball pythons (D:1)
  3 bats (D:1)
  2 giant cockroaches
  3 goblins
  2 hobgoblins (D:1)
  4 jackals (D:1)
  6 kobolds
  3 quokkas
  2 frilled lizards (D:3)
  A rat (D:2)
34 creatures vanquished.

Vanquished Creatures (others)
  2 orcs (D:3)
  A fungus (D:2)
3 creatures vanquished.

Grand Total: 37 creatures vanquished

Notes
Turn   | Place    | Note
-------+----------+-------------------------------------------
     0 | D:1      | kingsuperguy the Hill Orc Monk began the quest for the Orb.
     0 | D:1      | Reached XP level 1. HP: 19/19 MP: 1/1
   413 | D:1      | Reached XP level 2. HP: 23/27 MP: 2/2
   952 | D:1      | Reached XP level 3. HP: 33/33 MP: 3/3
  1436 | D:1      | Found a faded altar of an unknown god.
  1808 | D:2      | Reached skill level 5 in Axes
  1808 | D:2      | Reached skill level 1 in Armour
  2246 | D:2      | Noticed an ogre
  2297 | D:3      | Noticed an ogre
  2297 | D:3      | Noticed PorkyPig's ghost (amateur DrCj)
  2298 | D:3      | Identified the +7 dire flail "Hiqevoalesk" {venom, rPois
                  | Will- Dex-5 SInv}
  2298 | D:3      | Noticed an ogre
  2299 | D:3      | Found a transporter.
  2371 | D:3      | Became a worshipper of Beogh the Brigand
  2371 | D:3      | Reached * piety under Beogh
  2371 | D:3      | Reached ** piety under Beogh
  2384 | D:3      | Killed from afar by an orc priest

Illustrated notes

Levels and vault maps discovered:
D:1:      sevenhm_arrival_forest_fort_small_6, layout_basic,
          hellmonk_ecumenical_altar_prayer_group
D:2:      layout_rooms, minmay_crystal_room, minmay_fractal_squares_5,
          uniq_crazy_yiuf_cottage
D:3:      cheibrodos_pilgrimage, layout_basic, mainiacjoe_overflow_catwalk,
          gammafunk_ghost_smash, kennysheep_crisscross, kennysheep_another_room

Skill      XL: |  1  2  3 |
---------------+----------+-----
Fighting       | 4 |  4.1
Axes           | 5 |  5.1
Armour         | 1 |  1.0
Dodging        | |  2.7
Stealth        | |  1.6

Action                   || total
-------------------------++-------
Melee: Hand axe          ||   124
       Punch             ||     1
Invok: Convert to Beogh  ||     1
 Stab: Sleeping          ||     5
Armor: Robe              ||    15
       Chain mail        ||    17
Dodge: Dodged            ||    66
